 Dungeon Crawl Stone Soup version 0.22-a0-872-g6a232dd (webtiles) character file.

33 prawnwizard the Sneak (level 3, -4/28 HPs)
             Began as a Barachi Assassin on July 28, 2018.
             Slain by a kobold
             ... wielding a +0 short sword
              (5 damage)
             ... on level 2 of the Dungeon.
             The game lasted 00:01:39 (1081 turns).

prawnwizard the Sneak (Barachi Assassin)            Turns: 1081, Time: 00:01:40

Health: -4/28      AC:  3    Str: 12    XL:     3   Next: 29%
Magic:  3/3        EV: 12    Int: 11    God:
Gold:   87         SH:  0    Dex: 14    Spells: 2/2 levels left

rFire    . . .     SeeInvis .   u - -3 dagger (curse)
rCold    . . .     Gourm    .   (no shield)
rNeg     . . .     Faith    .   c - +0 robe
rPois    .         Spirit   .   (no helmet)
rElec    .         Reflect  .   d - +0 cloak
rCorr    .         Harm     .   (no gloves)
MR       .....                  (no boots)
Stlth    ++........             (no amulet)
HPRegen  0.09/turn              (no ring)
MPRegen  0.08/turn              (no ring)

@: slow
A: +LOS, swims, slowness 1, strong legs 1
a: Hop


You were on level 2 of the Dungeon.
You were not hungry.

You visited 1 branch of the dungeon, and saw 2 of its levels.

You collected 87 gold pieces.

Inventory:

Hand Weapons
 a - a +2 dagger
 b - a +0 blowgun
 u - a cursed -3 dagger (weapon)
Missiles
 e - 8 poisoned needles
 f - 2 curare-tipped needles
Armour
 c - a +0 robe (worn)
 d - a +0 cloak (worn)
Jewellery
 s - an uncursed ring of magical power {unknown}
Scrolls
 j - 2 scrolls of identify {unknown}
 m - a scroll of fog {unknown}
 p - a scroll of enchant armour {unknown}
 r - a scroll of teleportation {unknown}
Potions
 h - 3 potions of heal wounds {unknown}
 k - a potion of ambrosia {unknown}
 l - a potion of resistance {unknown}
 n - 2 potions of curing {unknown}
 o - a potion of brilliance {unknown}
 q - 2 potions of mutation {unknown}
 t - a potion of haste {unknown}
Comestibles
 g - 2 rations
 i - 2 chunks of flesh


   Skills:
 + Level 2.9 Fighting
 * Level 2.9 Short Blades
 + Level 2.3 Throwing
 + Level 1.7 Dodging
 - Level 3.8 Stealth


You had 2 spell levels left.
You didn't know any spells.
Your spell library was empty.

Dungeon Overview and Level Annotations

Branches:
Dungeon (2/15)

Altars:


Innate Abilities, Weirdness & Mutations

Shadows flee at your approach. (+LOS)
You can swim through water.
You cover ground slowly.
You can hop short distances.


Message History

You hit the kobold but do no damage.
The kobold is severely wounded.
The kobold hits you with a short sword.
* * * LOW HITPOINT WARNING * * *
You hit the kobold but do no damage.
The kobold is severely wounded.
The kobold barely misses you.
You hit the kobold but do no damage.
The kobold is severely wounded.
The kobold barely misses you.
You closely miss the kobold.
The kobold is severely wounded.
The kobold hits you with a short sword.
* * * LOW HITPOINT WARNING * * *
You closely miss the kobold.
The kobold is severely wounded.
You hit the kobold but do no damage.
The kobold is severely wounded.
The kobold hits you with a short sword.
You die...

#.# #. #.######.
#........ #..#####. #.
#..### #. #. #....# #.
####.### ##.#.# #.
#......### #.#.###.
#.#..K@..#######....##.
+............รท..........
##.#....#.########...###
#..#.#.# ##.## #....<.#
#.# #......### #.#
######.# #.# #.# #.# #.#
.#


You could see a kobold.

Vanquished Creatures
  2 leopard geckos
  A giant cockroach (D:1)
  3 goblins
  4 hobgoblins (D:1)
  4 jackals (D:1)
  A kobold (D:1)
  6 bats (D:1)
  3 frilled lizards (D:1)
  4 rats (D:1)
28 creatures vanquished.

Notes
Turn   | Place    | Note
-------+----------+-------------------------------------------
     0 | D:1      | prawnwizard the Barachi Assassin began the quest for the Orb.
     0 | D:1      | Reached XP level 1. HP: 17/17 MP: 1/1
    87 | D:1      | Reached XP level 2. HP: 16/23 MP: 2/2
   575 | D:1      | Reached XP level 3. HP: 26/28 MP: 3/3
  1079 | D:2      | HP: 1/28 [kobold/short sword (2)]
  1081 | D:2      | Slain by a kobold

Vault maps used:
D:1:      nzn_arrival_settlement, serial_forest, infiniplex_forest_diagonal,
          infiniplex_forest_end_1, infiniplex_forest_corner_2,
          infiniplex_forest_lined_1, infiniplex_forest_clump_tiny,
          infiniplex_forest_straight_5, infiniplex_forest_end_2
D:2:      first_ration

Action                   || total
-------------------------++-------
Melee: Dagger            ||   106
 Stab: Sleeping          ||     7
       Distracted        ||     1
  Eat: Chunk             ||     1
Armor: Robe              ||    24
Dodge: Dodged            ||    64

Table legend:
 A = Spawn XP
 B = Non-spawn XP
 C = Spawn XP percentage of total XP
 D = Spawn monster count
 E = Non-spawn monster count
 F = Spawn count percentage of total count
 G = Total turns spent on level
                    A         B        C        D         E        F      G
               +---------+---------+-------+---------+---------+-------+---------
         Total |       0 |      48 |   0.0 |       0 |      28 |   0.0 |  1081
               +---------+---------+-------+---------+---------+-------+---------
           D:1 |       0 |      43 |   0.0 |       0 |      26 |   0.0 |  1004
           D:2 |       0 |       5 |   0.0 |       0 |       2 |   0.0 |    77
               +---------+---------+-------+---------+---------+-------+---------
